 Dungeon Crawl Stone Soup version 0.27.0-1-g7a089689b8 (webtiles) character file.

Game seed: 7178543571952763125

195 Malachi the Chiller (level 5, -1/35 HPs)
             Began as a Demonspawn Ice Elementalist on Aug 15, 2021.
             Succumbed to a scorpion's poison
             ... on level 4 of the Dungeon.
             The game lasted 00:04:54 (4310 turns).

Malachi the Chiller (Demonspawn Ice Elementalist)   Turns: 4310, Time: 00:04:55

Health: -1/35      AC:  3    Str:  8 (10) XL:     5   Next: 45%
Magic:  6/10       EV: 12    Int: 13 (16) God:
Gold:   125        SH:  0    Dex: 11 (13) Spells: 7/11 levels left

rFire    x . .     SeeInvis .   (no weapon)
rCold    + . .     Faith    .   (no shield)
rNeg     . . .     Spirit   .   a - +0 robe
rPois    .         Reflect  .   k - +0 hat
rElec    .         Harm     .   i - +0 cloak
rCorr    .         Rampage  .   (no gloves)
Will     .....                  (no boots)
Stlth    ++........             (no amulet)
HPRegen  0.11/turn              b - ring of ice
MPRegen  0.12/turn              g - ring of wizardry

@: lethally poisoned (-1 -> -17)
A: claws 1, hooves 1, horns 1, powered by pain 1
a: no special abilities


You were on level 4 of the Dungeon.
You visited 1 branch of the dungeon, and saw 4 of its levels.

You collected 125 gold pieces.

Inventory:

Hand Weapons
 d - a +3 whip of electrocution
Armour
 a - a +0 robe (worn)
 i - a +0 cloak (worn)
 k - a +0 hat (worn)
Magical Staves
 j - a staff of death
Jewellery
 b - a ring of ice (left claw)
 g - a ring of wizardry (right claw)
Scrolls
 c - a scroll of magic mapping


   Skills:
 - Level 1.7 Dodging
 - Level 1.8 Stealth
 * Level 0.8 Unarmed Combat
 * Level 3.9 Spellcasting
 * Level 5.0 Ice Magic


You had 7 spell levels left.
You knew the following spells:

 Your Spells              Type           Power      Damage    Failure   Level
a - Freeze                Ice            92%        1d10      1%          1
b - Frozen Ramparts       Ice            46%        1d6       3%          3

Your spell library contained the following spells:

 Spells                   Type           Power      Damage    Failure   Level
 Ozocubu's Armour         Ice            23%        N/A       3%          3
 Animate Skeleton         Necr           4%         N/A       9%          1
 Pain                     Necr           8%         1d4       9%          1
 Vampiric Draining        Necr           1%         2d6       26%         3
 Hailstorm                Conj/Ice       13%        3d5       28%         4


Dungeon Overview and Level Annotations

Branches:
Dungeon (4/15)
 Temple: D:4-7

Altars:


Innate Abilities, Weirdness & Mutations

You have sharp fingernails.
You have large cloven feet.
You have a pair of small horns on your head.
You sometimes gain a little power by taking damage.


Message History

You are more poisoned.
The scorpion poisons you! The adder skeleton bites you.
Casting: Freeze (safe; 1% risk of failure)
Confirm with . or Enter, or press ? or * to list all spells.
Aiming: Freeze (safe; 1% risk of failure)
Press: ? - help, Shift-Dir - straight line, f/p - scorpion
Aim: a scorpion (lightly wounded)
You feel a surge of power!
You freeze the scorpion!
The scorpion is severely wounded.
You feel very sick. The scorpion closely misses you.
The adder skeleton bites you. The scorpion stings you.
You are lethally poisoned!
The scorpion poisons you!
Casting: Freeze (safe; 1% risk of failure)
Confirm with . or Enter, or press ? or * to list all spells.
Aiming: Freeze (safe; 1% risk of failure)
Press: ? - help, Shift-Dir - straight line, f/p - scorpion
Aim: a scorpion (severely wounded)
You feel a surge of power!
You freeze the scorpion.
The scorpion is severely wounded.
* * * LOW HITPOINT WARNING * * *
You feel very sick. The scorpion barely misses you.
The adder skeleton closely misses you.
Unknown command.
It was a potion of degeneration.
There was something very wrong with that liquid.
You feel weakened.
You feel dopey.
You feel clumsy.
* * * LOW HITPOINT WARNING * * *
You feel very sick. The scorpion closely misses you.
The adder skeleton bites you.
* * * LOW HITPOINT WARNING * * *
Casting: Freeze (safe; 1% risk of failure)
Confirm with . or Enter, or press ? or * to list all spells.
Aiming: Freeze (safe; 1% risk of failure)
Press: ? - help, Shift-Dir - straight line, f/p - scorpion
Aim: a scorpion (severely wounded)
You feel a surge of power!
You freeze the scorpion!
You kill the scorpion!
You die...

...# ###...#
......#
##.....##.
#.........
##........#
#.......###
#..@......#
#####
#..Z†...#....
#....
#.......#
...# #....
#.#.##<.#
...##....
..#.# #.#
.........
#.##.# .#
###...... #.
#.# .
......... ..
...
...####....
#...##....


You could see an adder skeleton.

Vanquished Creatures
  A centaur (D:3)
  A scorpion (D:4)
  Natasha (D:2)
  5 adders
  A worm (D:2)
  4 orcs
  7 endoplasms
  A giant cockroach (D:1)
  A goblin (D:2)
  2 hobgoblins
  2 quokkas (D:2)
  3 bats
  2 frilled lizards
  7 kobolds (D:2)
  4 rats
42 creatures vanquished.

Notes
Turn   | Place    | Note
-------+----------+-------------------------------------------
     0 | D:1      | Malachi the Demonspawn Ice Elementalist began the quest for
                  | the Orb.
     0 | D:1      | Reached XP level 1. HP: 13/13 MP: 3/3
   998 | D:2      | Reached skill level 4 in Ice Magic
   998 | D:2      | Gained mutation: You have a pair of small horns on your
                  | head. [demonic ancestry]
   998 | D:2      | Reached XP level 2. HP: 19/19 MP: 3/5
  1457 | D:2      | Gained mutation: You have sharp fingernails. [demonic
                  | ancestry]
  1457 | D:2      | Reached XP level 3. HP: 22/24 MP: 0/6
  1718 | D:2      | Noticed Natasha
  1724 | D:2      | Killed Natasha
  2030 | D:2      | Learned a level 3 spell: Frozen Ramparts
  2445 | D:2      | Gained mutation: You sometimes gain a little power by
                  | taking damage. [demonic ancestry]
  2445 | D:2      | Reached XP level 4. HP: 21/30 MP: 5/8
  3787 | D:3      | Found a faded altar of an unknown god.
  3975 | D:3      | Noticed a centaur
  3984 | D:3      | Killed a centaur
  3985 | D:3      | Gained mutation: You have large cloven feet. [demonic
                  | ancestry]
  3985 | D:3      | Reached XP level 5. HP: 27/35 MP: 4/10
  4306 | D:4      | Reached skill level 5 in Ice Magic
  4310 | D:4      | Succumbed to a scorpion's poison

Illustrated notes

Levels and vault maps discovered:
D:1:      sevenhm_arrival_forest_fort_large_2, layout_basic
D:2:      layout_loops_corners, minmay_quadrilaterals, uniq_natasha
D:3:      layout_loops_ring, shapermc_ecumenical_altar_mp_vishouse,
          minmay_misc_feat_doors
D:4:      layout_rooms, nicolae_overflow_crystal_walls

Skill      XL: |  1  2  3  4  5 |
---------------+----------------+-----
Ice Magic      | 4 5 |  5.0
Spellcasting   | 3 |  3.9
Dodging        | |  1.7
Stealth        | |  1.8
Unarmed Combat | |  0.8

Action                   |  1- 3 |  4- 6 || total
-------------------------+-------+-------++-------
Melee: Unarmed           |    19 |    14 ||    33
       Headbutt          |     1 |     1 ||     2
       Kick              |       |     2 ||     2
 Cast: Freeze            |    36 |    24 ||    60
       Frozen Ramparts   |     1 |     1 ||     2
  Use: Potion            |     2 |     2 ||     4
       Scroll            |     5 |     4 ||     9
 Stab: Sleeping          |     2 |     1 ||     3
Armor: Robe              |     5 |     5 ||    10
Dodge: Dodged            |    24 |    23 ||    47
